[ AOE2 MATCH · #501077258 ]
UnrankedTurks vs Tupi
[ REPLAY ANALYSIS · EXTRACTED FROM THE RECORDED GAME ]
Feudal
10:11
Castle
13:44
Imperial
18:09
| APM avg | 23.2 |
| APM peak | 40 |
| eAPM avg | 12.7 |
| Villagers / military | 64 / 100 |
Focus
⚔️ 17.9% · 🌾 82.1%
Hand Cannoneer ×92 · Bombard Cannon ×8
Feudal
9:10
Castle
12:40
Imperial
—
| APM avg | 41.5 |
| APM peak | 83 |
| eAPM avg | 29.1 |
| Villagers / military | 184 / 63 |
Focus
⚔️ 42.0% · 🌾 58.0%
Skirmisher ×61 · Unknown (2579) ×16 · Archer ×2
Feudal
8:27
Castle
12:01
Imperial
24:54
| APM avg | 30.8 |
| APM peak | 82 |
| eAPM avg | 17.0 |
| Villagers / military | 135 / 69 |
Focus
⚔️ 19.2% · 🌾 80.8%
War Elephant ×67 · Monk ×2
Feudal
7:39
Castle
13:02
Imperial
31:07
| APM avg | 35.3 |
| APM peak | 105 |
| eAPM avg | 18.3 |
| Villagers / military | 120 / 43 |
Focus
⚔️ 32.2% · 🌾 67.8%
Knight ×29 · Spearman ×14
Feudal
8:27
Castle
11:57
Imperial
24:50
| APM avg | 25.7 |
| APM peak | 56 |
| eAPM avg | 18.6 |
| Villagers / military | 126 / 112 |
Focus
⚔️ 32.5% · 🌾 67.5%
Camel Scout ×108 · Trebuchet (Packed) ×3 · Scout Cavalry ×1
Feudal
8:09
Castle
11:59
Imperial
25:31
| APM avg | 25.0 |
| APM peak | 63 |
| eAPM avg | 14.0 |
| Villagers / military | 139 / 54 |
Focus
⚔️ 17.6% · 🌾 82.4%
Cavalry Archer ×48 · Monk ×2 · Trebuchet (Packed) ×2 · Archer ×1 · Skirmisher ×1
Feudal
8:34
Castle
13:56
Imperial
28:26
| APM avg | 35.8 |
| APM peak | 74 |
| eAPM avg | 22.6 |
| Villagers / military | 119 / 102 |
Focus
⚔️ 20.5% · 🌾 79.5%
Archer ×48 · Hand Cannoneer ×25 · Genoese Crossbowman ×25 · Trebuchet (Packed) ×4
Feudal
8:26
Castle
12:19
Imperial
29:57
| APM avg | 46.7 |
| APM peak | 104 |
| eAPM avg | 35.7 |
| Villagers / military | 153 / 163 |
Focus
⚔️ 29.3% · 🌾 70.7%
Spearman ×107 · Archer ×33 · Knight ×19 · Monk ×2 · Battering Ram ×2
Match map
Initial resources + every placement click. Lines = walls · curves = elevation contours. ◆ gold · ⬟ stone · ● berries · ✦ relic · ◌ wall gap
Your base· ✓ Closed at 13:44 · 0t walls · 3 gate(s)
Degel's base· ✓ Closed at 12:40 · 0t walls · 2 gate(s)
Beller's base· ✓ Closed at 12:01 · 0t walls · 3 gate(s)
stop stealing my chancho pls's base· ✓ Closed at 13:02 · 0t walls · 2 gate(s)
Skirm2OP's base· ✓ Closed at 11:57 · 0t walls · 2 gate(s)
Ketzal_'s base· ✓ Closed at 11:59 · 0t walls · 3 gate(s)
Pobra's base· ✓ Closed at 13:56 · 0t walls · 2 gate(s)
Dragon-Malo's base· ✓ Closed at 12:19 · 0t walls · 3 gate(s)
Smoothed initial terrain · ◌ = detected wall gap · hover for details
Inputs per minute
— SCURR.Welt-PAD-THAI-SITTICH - - Degel
Build order — SCURR.Welt-PAD-THAI-SITTICH
First 150 of 183 actions detected
| 0:02 | Queue | Villager (Male) |
| 0:03 | Queue | Villager (Male) |
| 0:03 | Queue | Villager (Male) |
| 0:10 | Build | Lumber Camp |
| 0:41 | Queue | Villager (Male) |
| 1:07 | Queue | Villager (Male) |
| 1:33 | Build | House |
| 1:38 | Queue | Villager (Male) |
| 2:11 | Queue | Villager (Male) |
| 2:11 | Queue | Villager (Male) |
| 2:21 | Build | House |
| 2:24 | Build | House |
| 2:31 | Queue | Villager (Male) |
| 2:52 | Queue | Villager (Male) |
| 3:21 | Queue | Villager (Male) |
| 3:32 | Queue | Villager (Male) |
| 3:39 | Queue | Villager (Male) |
| 3:45 | Build | Mill |
| 4:26 | Queue | Villager (Male) |
| 4:49 | Queue | Villager (Male) |
| 5:18 | Queue | Villager (Male) |
| 5:29 | Queue | Villager (Male) |
| 6:25 | Build | Mining Camp |
| 6:28 | Queue | Villager (Male) |
| 6:28 | Queue | Villager (Male) |
| 6:31 | Queue | Villager (Male) |
| 7:06 | Build | Farm |
| 7:08 | Build | Farm |
| 7:09 | Build | Farm |
| 7:11 | Build | Farm |
| 7:12 | Build | Farm |
| 7:24 | Research | Feudal Age |
| 7:28 | Build | Farm |
| 7:30 | Build | Farm |
| 7:54 | Build | Farm |
| 8:26 | Queue | Villager (Male) |
| 8:26 | Queue | Villager (Male) |
| 10:11 | Age | Feudal Age |
| 10:16 | Build | Market |
| 10:20 | Build | Blacksmith |
| 10:42 | Build | House |
| 11:04 | Research | Castle Age |
| 11:04 | Research | Castle Age |
| 11:12 | Build | Farm |
| 11:16 | Build | Farm |
| 11:59 | Queue | Villager (Male) |
| 11:59 | Queue | Villager (Male) |
| 12:19 | Research | Double-Bit Axe |
| 13:44 | Age | Castle Age |
| 13:46 | Build | Siege Workshop |
| 13:51 | Build | Monastery |
| 14:29 | Queue | Villager (Male) |
| 14:53 | Research | Imperial Age |
| 15:08 | Build | Barracks |
| 15:14 | Build | House |
| 15:16 | Build | House |
| 16:33 | Queue | Villager (Male) |
| 16:43 | Build | Archery Range |
| 17:33 | Build | Archery Range |
| 17:50 | Build | Farm |
| 18:05 | Queue | Villager (Male) |
| 18:09 | Age | Imperial Age |
| 18:13 | Queue | Bombard Cannon |
| 18:19 | Queue | Hand Cannoneer ×4 |
| 18:29 | Queue | Villager (Male) |
| 18:36 | Build | Farm |
| 18:39 | Build | Farm |
| 18:40 | Queue | Villager (Male) |
| 18:45 | Queue | Hand Cannoneer |
| 18:46 | Queue | Hand Cannoneer |
| 19:09 | Queue | Hand Cannoneer |
| 19:12 | Queue | Hand Cannoneer |
| 19:13 | Queue | Villager (Male) |
| 19:18 | Queue | Villager (Male) |
| 19:23 | Build | House |
| 19:23 | Build | House |
| 19:25 | Build | House |
| 19:43 | Queue | Bombard Cannon |
| 19:43 | Queue | Bombard Cannon |
| 19:43 | Queue | Bombard Cannon |
| 20:26 | Queue | Villager (Male) |
| 20:26 | Queue | Villager (Male) |
| 20:29 | Queue | Hand Cannoneer ×3 |
| 20:56 | Queue | Villager (Male) |
| 20:59 | Research | Padded Archer Armor |
| 21:01 | Build | House |
| 21:02 | Build | House |
| 21:05 | Queue | Villager (Male) |
| 21:07 | Queue | Hand Cannoneer ×3 |
| 21:40 | Build | Farm |
| 21:40 | Build | Farm |
| 21:46 | Queue | Hand Cannoneer ×3 |
| 22:09 | Queue | Villager (Male) |
| 22:12 | Build | Farm |
| 22:14 | Build | Farm |
| 22:27 | Queue | Bombard Cannon |
| 23:30 | Queue | Villager (Male) |
| 23:30 | Queue | Villager (Male) |
| 23:32 | Queue | Hand Cannoneer ×5 |
| 24:50 | Queue | Villager (Male) |
| 24:50 | Queue | Villager (Male) |
| 24:51 | Queue | Villager (Male) |
| 24:57 | Build | Archery Range |
| 24:58 | Build | Archery Range |
| 25:03 | Research | Horse Collar |
| 25:30 | Queue | Villager (Male) |
| 25:35 | Queue | Hand Cannoneer ×5 |
| 25:39 | Build | Farm |
| 25:41 | Build | Farm |
| 25:48 | Queue | Villager (Male) |
| 25:53 | Research | Leather Archer Armor |
| 26:01 | Queue | Hand Cannoneer |
| 26:06 | Build | Farm |
| 26:16 | Queue | Villager (Male) |
| 26:31 | Queue | Hand Cannoneer ×2 |
| 26:37 | Queue | Hand Cannoneer ×3 |
| 26:52 | Build | Farm |
| 26:52 | Build | Farm |
| 26:56 | Build | Farm |
| 26:58 | Queue | Villager (Male) |
| 27:02 | Queue | Villager (Male) |
| 27:24 | Build | Lumber Camp |
| 27:27 | Queue | Villager (Male) |
| 27:31 | Queue | Hand Cannoneer ×2 |
| 27:51 | Queue | Villager (Male) |
| 27:58 | Build | Mining Camp |
| 28:09 | Queue | Bombard Cannon |
| 28:12 | Queue | Hand Cannoneer ×4 |
| 28:15 | Build | House |
| 28:17 | Build | House |
| 28:20 | Build | House |
| 28:26 | Queue | Villager (Male) |
| 28:44 | Queue | Hand Cannoneer ×2 |
| 29:10 | Queue | Villager (Male) |
| 29:13 | Queue | Bombard Cannon |
| 29:15 | Build | Farm |
| 29:15 | Build | Farm |
| 29:16 | Build | Farm |
| 29:16 | Build | Farm |
| 29:19 | Build | House |
| 29:43 | Queue | Hand Cannoneer ×5 |
| 30:15 | Queue | Villager (Male) |
| 30:16 | Queue | Villager (Male) |
| 30:19 | Build | Mining Camp |
| 30:27 | Build | Mining Camp |
| 30:28 | Queue | Villager (Male) |
| 30:30 | Build | Farm |
| 30:34 | Build | Mill |
| 30:36 | Build | Farm |
| 30:36 | Build | Farm |
Build order — Degel
First 150 of 374 actions detected
| 0:00 | Queue | Villager (Male) ×2 |
| 0:26 | Build | Settlement |
| 0:36 | Queue | Villager (Male) |
| 0:43 | Queue | Villager (Male) |
| 0:43 | Queue | Villager (Male) |
| 1:14 | Queue | Villager (Male) |
| 1:17 | Queue | Villager (Male) |
| 1:17 | Queue | Villager (Male) |
| 2:00 | Queue | Villager (Male) |
| 2:08 | Queue | Villager (Male) |
| 2:08 | Queue | Villager (Male) |
| 2:10 | Queue | Villager (Male) |
| 2:10 | Queue | Villager (Male) |
| 3:10 | Queue | Villager (Male) |
| 4:04 | Build | Settlement |
| 4:05 | Queue | Villager (Male) |
| 4:21 | Research | Loom |
| 4:44 | Queue | Villager (Male) |
| 5:04 | Queue | Villager (Male) |
| 5:17 | Build | Outpost |
| 5:45 | Queue | Villager (Male) |
| 6:03 | Queue | Villager (Male) |
| 6:12 | Queue | Villager (Male) |
| 6:33 | Research | Feudal Age |
| 6:34 | Research | Feudal Age |
| 6:39 | Build | Farm |
| 6:41 | Build | Settlement |
| 6:48 | Build | Farm |
| 7:20 | Build | Farm |
| 7:59 | Build | Farm |
| 8:04 | Build | Farm |
| 8:36 | Queue | Villager (Male) |
| 8:36 | Queue | Villager (Male) |
| 9:10 | Age | Feudal Age |
| 9:11 | Build | Market |
| 9:13 | Build | Blacksmith |
| 9:18 | Build | House |
| 9:31 | Research | Double-Bit Axe |
| 9:31 | Research | Double-Bit Axe |
| 9:37 | Build | Outpost |
| 9:48 | Research | Double-Bit Axe |
| 9:48 | Research | Double-Bit Axe |
| 9:59 | Research | Castle Age |
| 9:59 | Research | Castle Age |
| 10:34 | Research | Horse Collar |
| 10:34 | Research | Horse Collar |
| 11:28 | Build | House |
| 11:59 | Queue | Villager (Male) |
| 12:40 | Age | Castle Age |
| 12:47 | Build | Town Center |
| 12:49 | Research | Bow Saw |
| 12:50 | Queue | Villager (Male) |
| 12:57 | Build | Town Center |
| 13:07 | Queue | Villager (Male) |
| 13:10 | Build | Farm |
| 13:13 | Build | Town Center |
| 13:34 | Build | Farm |
| 13:36 | Queue | Villager (Male) |
| 13:40 | Build | Farm |
| 13:49 | Build | Farm |
| 13:56 | Build | Farm |
| 13:58 | Build | Farm |
| 14:02 | Queue | Villager (Male) |
| 14:09 | Build | Farm |
| 14:10 | Queue | Villager (Male) |
| 14:13 | Queue | Villager (Male) |
| 14:25 | Queue | Villager (Male) |
| 14:34 | Build | House |
| 14:36 | Queue | Villager (Male) |
| 14:43 | Build | Farm |
| 14:46 | Queue | Villager (Male) |
| 14:50 | Build | Farm |
| 14:57 | Build | House |
| 14:58 | Queue | Villager (Male) |
| 15:07 | Build | Farm |
| 15:08 | Queue | Villager (Male) |
| 15:19 | Build | Farm |
| 15:21 | Queue | Villager (Male) |
| 15:28 | Build | Farm |
| 15:33 | Queue | Villager (Male) |
| 15:39 | Queue | Villager (Male) |
| 15:44 | Build | Farm |
| 15:49 | Queue | Villager (Male) |
| 15:57 | Queue | Villager (Male) |
| 16:00 | Queue | Villager (Male) |
| 16:02 | Queue | Villager (Male) ×2 |
| 16:02 | Queue | Villager (Male) ×2 |
| 16:08 | Build | House |
| 16:14 | Build | Farm |
| 16:18 | Build | Farm |
| 16:20 | Build | Farm |
| 16:21 | Queue | Villager (Male) |
| 16:21 | Queue | Villager (Male) |
| 16:28 | Build | Farm |
| 16:31 | Queue | Villager (Male) |
| 16:31 | Queue | Villager (Male) |
| 16:35 | Build | House |
| 16:36 | Queue | Villager (Male) |
| 16:45 | Research | Town Watch |
| 16:45 | Research | Town Watch |
| 16:47 | Build | Farm |
| 16:50 | Build | Farm |
| 16:58 | Queue | Villager (Male) |
| 16:58 | Queue | Villager (Male) |
| 17:02 | Queue | Villager (Male) |
| 17:06 | Build | House |
| 17:10 | Build | Outpost |
| 17:19 | Queue | Villager (Male) ×2 |
| 17:19 | Queue | Villager (Male) |
| 17:21 | Build | Farm |
| 17:29 | Queue | Villager (Male) |
| 17:32 | Build | House |
| 17:37 | Queue | Villager (Male) |
| 17:38 | Queue | Villager (Male) |
| 17:51 | Build | Outpost |
| 17:53 | Queue | Villager (Male) |
| 17:53 | Queue | Villager (Male) ×2 |
| 18:08 | Build | Town Center |
| 18:10 | Queue | Villager (Male) |
| 18:11 | Queue | Villager (Male) |
| 18:14 | Build | Farm |
| 18:15 | Queue | Villager (Male) |
| 18:15 | Queue | Villager (Male) |
| 18:20 | Build | Stone Wall |
| 18:28 | Build | Stone Wall |
| 18:29 | Queue | Villager (Male) |
| 18:29 | Queue | Villager (Male) |
| 18:34 | Build | House |
| 18:35 | Queue | Villager (Male) |
| 18:35 | Queue | Villager (Male) |
| 18:39 | Build | Farm |
| 18:40 | Build | Farm |
| 18:41 | Queue | Villager (Male) |
| 18:45 | Build | Farm |
| 18:46 | Queue | Villager (Male) |
| 18:50 | Build | Stone Wall |
| 18:52 | Queue | Villager (Male) |
| 18:58 | Build | Stone Wall |
| 19:02 | Queue | Villager (Male) |
| 19:02 | Queue | Villager (Male) |
| 19:15 | Build | Stone Wall |
| 19:15 | Queue | Villager (Male) |
| 19:16 | Queue | Villager (Male) |
| 19:21 | Build | House |
| 19:22 | Build | House |
| 19:23 | Queue | Villager (Male) |
| 19:23 | Queue | Villager (Male) |
| 19:26 | Build | Farm |
| 19:37 | Build | Settlement |
| 19:38 | Queue | Villager (Male) |
Build order — Beller
First 150 of 348 actions detected
| 0:00 | Queue | Villager (Male) |
| 0:01 | Queue | Villager (Male) |
| 0:01 | Queue | Villager (Male) |
| 0:06 | Build | Mill |
| 0:11 | Build | Lumber Camp |
| 0:36 | Queue | Villager (Male) |
| 1:07 | Build | House |
| 1:08 | Build | House |
| 1:09 | Build | House |
| 1:38 | Queue | Villager (Male) |
| 1:38 | Queue | Villager (Male) |
| 2:11 | Queue | Villager (Male) |
| 2:34 | Queue | Villager (Male) |
| 2:39 | Build | Mill |
| 2:50 | Queue | Villager (Male) |
| 2:51 | Queue | Villager (Male) |
| 3:39 | Queue | Villager (Male) |
| 3:40 | Queue | Villager (Male) |
| 3:40 | Queue | Villager (Male) |
| 3:41 | Queue | Villager (Male) |
| 3:42 | Queue | Villager (Male) |
| 4:43 | Queue | Villager (Male) |
| 5:22 | Queue | Villager (Male) |
| 6:02 | Build | Farm |
| 6:08 | Build | Mining Camp |
| 6:13 | Build | Farm |
| 6:17 | Research | Feudal Age |
| 6:32 | Build | Farm |
| 8:05 | Queue | Villager (Male) |
| 8:17 | Queue | Villager (Male) |
| 8:27 | Age | Feudal Age |
| 8:33 | Build | Market |
| 8:38 | Build | Blacksmith |
| 8:53 | Queue | Villager (Male) |
| 9:26 | Build | Lumber Camp |
| 9:31 | Research | Castle Age |
| 9:54 | Research | Double-Bit Axe |
| 10:01 | Build | Farm |
| 10:03 | Build | Farm |
| 10:07 | Build | Farm |
| 11:02 | Research | Horse Collar |
| 11:05 | Build | Farm |
| 11:05 | Build | Farm |
| 11:10 | Build | House |
| 11:53 | Queue | Villager (Male) |
| 12:01 | Age | Castle Age |
| 12:06 | Build | Monastery |
| 12:12 | Build | Town Center |
| 12:15 | Queue | Villager (Male) |
| 12:20 | Research | Bow Saw |
| 12:27 | Build | House |
| 12:33 | Build | Farm |
| 12:35 | Queue | Villager (Male) |
| 12:45 | Build | House |
| 12:49 | Build | Farm |
| 12:50 | Queue | Monk |
| 13:04 | Queue | Villager (Male) |
| 13:14 | Build | Farm |
| 13:22 | Queue | Villager (Male) |
| 13:32 | Queue | Villager (Male) |
| 13:42 | Build | Town Center |
| 13:46 | Queue | Villager (Male) |
| 13:49 | Build | Farm |
| 13:57 | Queue | Villager (Male) |
| 13:57 | Queue | Villager (Male) |
| 13:57 | Queue | Villager (Male) |
| 14:00 | Build | House |
| 14:02 | Queue | Monk |
| 14:11 | Queue | Villager (Male) |
| 14:14 | Build | Farm |
| 14:17 | Build | Farm |
| 14:19 | Build | Farm |
| 14:21 | Build | Farm |
| 14:22 | Queue | Villager (Male) |
| 14:26 | Build | Farm |
| 14:33 | Build | House |
| 14:33 | Queue | Villager (Male) |
| 14:45 | Queue | Villager (Male) |
| 14:50 | Build | Farm |
| 14:59 | Build | Farm |
| 15:01 | Queue | Villager (Male) |
| 15:11 | Queue | Villager (Male) |
| 15:15 | Build | Farm |
| 15:19 | Build | Farm |
| 15:20 | Queue | Villager (Male) |
| 15:25 | Build | Farm |
| 15:26 | Queue | Villager (Male) |
| 15:26 | Queue | Villager (Male) |
| 15:34 | Queue | Villager (Male) |
| 15:36 | Build | Farm |
| 15:45 | Build | Farm |
| 15:46 | Queue | Villager (Male) |
| 15:50 | Queue | Villager (Male) |
| 16:04 | Queue | Villager (Male) |
| 16:05 | Queue | Villager (Male) |
| 16:17 | Queue | Villager (Male) |
| 16:23 | Queue | Villager (Male) |
| 16:26 | Build | Farm |
| 16:28 | Build | Farm |
| 16:31 | Queue | Villager (Male) |
| 16:33 | Queue | Villager (Male) |
| 16:40 | Build | Farm |
| 16:42 | Build | Farm |
| 16:43 | Queue | Villager (Male) |
| 16:51 | Build | Farm |
| 16:53 | Build | Farm |
| 16:54 | Build | Farm |
| 16:55 | Queue | Villager (Male) |
| 16:57 | Build | Farm |
| 17:00 | Queue | Villager (Male) |
| 17:11 | Queue | Villager (Male) |
| 17:12 | Queue | Villager (Male) |
| 17:16 | Queue | Villager (Male) |
| 17:19 | Build | Farm |
| 17:31 | Research | Wheelbarrow |
| 17:42 | Build | House |
| 17:43 | Build | House |
| 17:44 | Research | Town Watch |
| 17:45 | Queue | Villager (Male) |
| 17:47 | Research | Loom |
| 17:50 | Build | Farm |
| 17:52 | Build | Farm |
| 17:53 | Queue | Villager (Male) |
| 17:56 | Build | House |
| 17:56 | Build | House |
| 17:57 | Build | House |
| 18:10 | Queue | Villager (Male) |
| 18:15 | Queue | Villager (Male) |
| 18:19 | Build | Farm |
| 18:21 | Build | Mill |
| 18:22 | Queue | Villager (Male) |
| 18:24 | Build | Farm |
| 18:25 | Queue | Villager (Male) |
| 18:28 | Queue | Villager (Male) |
| 18:43 | Build | Mining Camp |
| 18:52 | Research | Stone Mining |
| 18:53 | Queue | Villager (Male) |
| 18:55 | Build | House |
| 18:57 | Build | House |
| 18:58 | Build | House |
| 18:59 | Build | House |
| 19:00 | Queue | Villager (Male) |
| 19:02 | Queue | Villager (Male) |
| 19:07 | Queue | Villager (Male) |
| 19:09 | Queue | Villager (Male) |
| 19:10 | Queue | Villager (Male) |
| 19:16 | Queue | Villager (Male) |
| 19:16 | Queue | Villager (Male) |
| 19:17 | Queue | Villager (Male) |
| 19:19 | Queue | Villager (Male) |
Build order — stop stealing my chancho pls
First 150 of 281 actions detected
| 0:04 | Research | Loom |
| 0:04 | Research | Loom |
| 0:05 | Queue | Villager (Male) |
| 0:05 | Queue | Villager (Male) |
| 0:56 | Queue | Villager (Male) |
| 1:33 | Queue | Villager (Male) |
| 1:33 | Queue | Villager (Male) |
| 1:41 | Build | House |
| 1:43 | Build | Lumber Camp |
| 2:33 | Queue | Villager (Male) |
| 2:33 | Queue | Villager (Male) |
| 2:34 | Queue | Villager (Male) |
| 2:34 | Queue | Villager (Male) |
| 2:46 | Queue | Villager (Male) |
| 2:54 | Queue | Villager (Male) |
| 2:54 | Queue | Villager (Male) |
| 3:31 | Queue | Villager (Male) |
| 3:32 | Queue | Villager (Male) |
| 3:55 | Build | House |
| 3:59 | Build | Mill |
| 5:10 | Research | Feudal Age |
| 5:11 | Queue | Villager (Male) |
| 5:29 | Build | Mining Camp |
| 6:35 | Build | House |
| 7:29 | Queue | Villager (Male) |
| 7:35 | Queue | Villager (Male) |
| 7:39 | Age | Feudal Age |
| 7:47 | Build | Market |
| 8:07 | Build | Blacksmith |
| 8:25 | Build | House |
| 9:20 | Queue | Villager (Male) |
| 9:34 | Build | House |
| 9:44 | Build | Farm |
| 9:45 | Build | Farm |
| 10:04 | Build | Farm |
| 10:22 | Research | Castle Age |
| 10:22 | Research | Castle Age |
| 10:37 | Build | Farm |
| 11:18 | Queue | Villager (Male) |
| 11:19 | Queue | Villager (Male) |
| 11:48 | Build | Farm |
| 11:50 | Build | Farm |
| 12:17 | Build | Farm |
| 12:26 | Queue | Villager (Male) |
| 12:35 | Research | Double-Bit Axe |
| 12:36 | Research | Horse Collar |
| 12:36 | Research | Horse Collar |
| 12:52 | Queue | Villager (Male) |
| 13:00 | Build | Barracks |
| 13:02 | Age | Castle Age |
| 13:30 | Build | Farm |
| 13:45 | Queue | Villager (Male) |
| 13:55 | Build | Farm |
| 13:57 | Build | Farm |
| 14:17 | Build | Town Center |
| 14:39 | Queue | Villager (Male) |
| 14:41 | Build | Farm |
| 15:13 | Queue | Villager (Male) |
| 15:16 | Build | Farm |
| 15:17 | Build | Farm |
| 15:19 | Build | Farm |
| 15:20 | Queue | Villager (Male) |
| 15:26 | Build | Farm |
| 15:41 | Queue | Villager (Male) |
| 15:44 | Build | Farm |
| 15:44 | Build | Farm |
| 15:44 | Build | Farm |
| 15:44 | Build | Farm |
| 15:45 | Build | Farm |
| 15:55 | Queue | Villager (Male) |
| 15:55 | Queue | Villager (Male) |
| 16:05 | Queue | Villager (Male) |
| 16:06 | Queue | Villager (Male) |
| 16:07 | Queue | Villager (Male) |
| 16:09 | Build | Farm |
| 16:11 | Build | Farm |
| 16:41 | Queue | Villager (Male) |
| 16:41 | Queue | Villager (Male) |
| 16:45 | Queue | Villager (Male) |
| 16:46 | Queue | Villager (Male) |
| 16:46 | Queue | Villager (Male) |
| 16:48 | Queue | Villager (Male) |
| 16:55 | Build | Farm |
| 16:56 | Queue | Villager (Male) |
| 16:56 | Queue | Villager (Male) |
| 17:02 | Build | Stable |
| 17:22 | Research | Forging |
| 17:37 | Research | Scale Barding Armor |
| 17:38 | Queue | Villager (Male) |
| 17:43 | Build | Farm |
| 17:45 | Build | Farm |
| 17:48 | Build | House |
| 18:32 | Queue | Villager (Male) |
| 18:33 | Queue | Villager (Male) |
| 18:34 | Queue | Villager (Male) |
| 18:41 | Queue | Villager (Male) |
| 18:44 | Build | House |
| 18:48 | Build | House |
| 19:21 | Queue | Villager (Male) |
| 19:21 | Queue | Villager (Male) |
| 19:22 | Queue | Villager (Male) |
| 19:25 | Build | Farm |
| 19:26 | Build | Farm |
| 19:29 | Build | Farm |
| 19:36 | Queue | Villager (Male) |
| 19:37 | Queue | Villager (Male) |
| 19:37 | Queue | Villager (Male) |
| 19:37 | Queue | Villager (Male) |
| 19:38 | Queue | Villager (Male) |
| 19:38 | Queue | Villager (Male) |
| 19:40 | Queue | Villager (Male) |
| 19:44 | Research | Bloodlines |
| 19:47 | Build | Stable |
| 20:09 | Queue | Villager (Male) |
| 20:09 | Queue | Villager (Male) |
| 20:10 | Queue | Villager (Male) |
| 20:10 | Queue | Villager (Male) |
| 20:10 | Queue | Villager (Male) |
| 20:14 | Build | Farm |
| 20:15 | Build | Farm |
| 20:16 | Queue | Villager (Male) |
| 20:25 | Build | Farm |
| 20:29 | Build | Stable |
| 20:38 | Research | Chain Barding Armor |
| 20:42 | Queue | Knight |
| 20:43 | Queue | Knight |
| 20:43 | Queue | Knight |
| 20:43 | Queue | Knight |
| 20:44 | Queue | Knight |
| 20:44 | Queue | Knight |
| 21:05 | Queue | Villager (Male) |
| 21:06 | Queue | Villager (Male) |
| 21:06 | Queue | Villager (Male) |
| 21:06 | Queue | Villager (Male) |
| 21:14 | Queue | Villager (Male) |
| 21:18 | Build | House |
| 21:19 | Build | House |
| 21:22 | Build | House |
| 21:35 | Build | Farm |
| 21:43 | Build | Town Center |
| 21:50 | Build | Farm |
| 22:09 | Queue | Knight |
| 22:10 | Queue | Knight |
| 22:10 | Queue | Knight |
| 22:10 | Queue | Knight |
| 22:10 | Queue | Knight |
| 22:11 | Queue | Knight |
| 22:11 | Queue | Knight |
| 22:14 | Build | House |
| 22:22 | Build | House |
Build order — Skirm2OP
First 150 of 406 actions detected
| 0:02 | Queue | Villager (Male) |
| 0:02 | Queue | Villager (Male) |
| 0:13 | Build | Lumber Camp |
| 0:16 | Build | House |
| 0:48 | Queue | Villager (Male) |
| 1:05 | Queue | Villager (Male) |
| 1:33 | Queue | Villager (Male) |
| 1:34 | Queue | Villager (Male) |
| 2:03 | Queue | Villager (Male) |
| 2:04 | Queue | Villager (Male) |
| 2:23 | Queue | Villager (Male) |
| 2:23 | Queue | Villager (Male) |
| 2:39 | Queue | Villager (Male) |
| 2:41 | Build | Mill |
| 2:47 | Build | House |
| 2:56 | Queue | Villager (Male) |
| 3:17 | Queue | Villager (Male) |
| 3:37 | Queue | Villager (Male) |
| 4:07 | Queue | Villager (Male) |
| 4:17 | Queue | Villager (Male) |
| 4:30 | Queue | Villager (Male) |
| 4:49 | Build | Farm |
| 5:04 | Build | Farm |
| 5:31 | Build | Mining Camp |
| 5:55 | Build | House |
| 6:09 | Research | Feudal Age |
| 8:13 | Queue | Villager (Male) |
| 8:13 | Queue | Villager (Male) |
| 8:27 | Age | Feudal Age |
| 8:28 | Build | Market |
| 8:32 | Build | Blacksmith |
| 9:13 | Research | Castle Age |
| 9:13 | Research | Castle Age |
| 9:25 | Build | Farm |
| 9:28 | Build | Farm |
| 9:34 | Research | Double-Bit Axe |
| 10:00 | Research | Horse Collar |
| 11:05 | Queue | Villager (Male) |
| 11:12 | Build | House |
| 11:14 | Build | House |
| 11:57 | Age | Castle Age |
| 12:00 | Build | Town Center |
| 12:04 | Build | Town Center |
| 12:13 | Research | Bow Saw |
| 12:26 | Queue | Villager (Male) |
| 12:44 | Queue | Villager (Male) |
| 12:49 | Research | Heavy Plow |
| 12:58 | Queue | Villager (Male) |
| 13:06 | Build | Farm |
| 13:08 | Queue | Villager (Male) |
| 13:14 | Queue | Villager (Male) |
| 13:19 | Queue | Villager (Male) |
| 13:20 | Queue | Villager (Male) |
| 13:21 | Queue | Villager (Male) |
| 13:24 | Build | Farm |
| 13:27 | Build | Farm |
| 13:36 | Build | Farm |
| 13:37 | Queue | Villager (Male) |
| 13:51 | Build | Farm |
| 13:53 | Build | Farm |
| 13:57 | Queue | Villager (Male) |
| 13:58 | Queue | Villager (Male) |
| 14:03 | Build | Farm |
| 14:16 | Build | Farm |
| 14:19 | Build | Farm |
| 14:21 | Queue | Villager (Male) |
| 14:21 | Queue | Villager (Male) |
| 14:21 | Queue | Villager (Male) |
| 14:30 | Build | Farm |
| 14:35 | Build | Farm |
| 14:39 | Queue | Villager (Male) |
| 14:39 | Queue | Villager (Male) |
| 14:41 | Build | House |
| 14:46 | Build | Farm |
| 14:52 | Queue | Villager (Male) |
| 14:53 | Queue | Villager (Male) |
| 14:58 | Build | Farm |
| 15:05 | Build | Farm |
| 15:09 | Queue | Villager (Male) |
| 15:09 | Queue | Villager (Male) |
| 15:10 | Queue | Villager (Male) |
| 15:10 | Queue | Villager (Male) |
| 15:15 | Build | House |
| 15:16 | Build | House |
| 15:21 | Build | Farm |
| 15:24 | Build | Farm |
| 15:26 | Queue | Villager (Male) |
| 15:31 | Build | Farm |
| 15:34 | Queue | Villager (Male) |
| 15:37 | Queue | Villager (Male) |
| 15:44 | Build | Farm |
| 15:48 | Build | Farm |
| 15:49 | Queue | Villager (Male) |
| 15:50 | Queue | Villager (Male) |
| 16:02 | Build | Farm |
| 16:07 | Build | Farm |
| 16:08 | Queue | Villager (Male) |
| 16:08 | Queue | Villager (Male) |
| 16:16 | Build | House |
| 16:17 | Build | House |
| 16:32 | Queue | Villager (Male) |
| 16:32 | Queue | Villager (Male) |
| 16:40 | Queue | Villager (Male) |
| 16:57 | Build | Town Center |
| 16:58 | Queue | Villager (Male) |
| 16:59 | Queue | Villager (Male) |
| 16:59 | Queue | Villager (Male) |
| 17:02 | Research | Wheelbarrow |
| 17:07 | Queue | Villager (Male) |
| 17:20 | Build | Mining Camp |
| 17:22 | Queue | Villager (Male) |
| 17:22 | Queue | Villager (Male) |
| 17:26 | Build | House |
| 17:31 | Build | House |
| 17:43 | Queue | Villager (Male) |
| 17:52 | Build | Farm |
| 17:54 | Build | Farm |
| 17:58 | Build | Farm |
| 18:00 | Queue | Villager (Male) |
| 18:12 | Queue | Villager (Male) |
| 18:12 | Queue | Villager (Male) |
| 18:16 | Build | Farm |
| 18:25 | Build | Farm |
| 18:26 | Queue | Villager (Male) |
| 18:32 | Build | House |
| 18:34 | Build | House |
| 18:40 | Build | Farm |
| 18:41 | Queue | Villager (Male) |
| 18:41 | Queue | Villager (Male) |
| 18:42 | Queue | Villager (Male) |
| 18:42 | Queue | Villager (Male) |
| 18:42 | Queue | Villager (Male) |
| 18:43 | Queue | Villager (Male) |
| 18:55 | Queue | Villager (Male) |
| 18:55 | Queue | Villager (Male) |
| 18:58 | Queue | Villager (Male) |
| 18:59 | Queue | Villager (Male) |
| 19:06 | Build | Monastery |
| 19:17 | Queue | Villager (Male) |
| 19:27 | Build | University |
| 19:31 | Build | House |
| 19:33 | Build | House |
| 19:34 | Build | House |
| 19:48 | Build | Mill |
| 19:53 | Build | Farm |
| 19:53 | Build | Farm |
| 19:53 | Build | Farm |
| 19:53 | Build | Farm |
| 19:55 | Queue | Villager (Male) |
| 19:56 | Queue | Villager (Male) |
Build order — Ketzal_
First 150 of 252 actions detected
| 0:08 | Queue | Villager (Male) |
| 0:08 | Queue | Villager (Male) |
| 0:09 | Queue | Villager (Male) |
| 0:15 | Build | Lumber Camp |
| 0:38 | Queue | Villager (Male) |
| 1:24 | Queue | Villager (Male) |
| 1:24 | Queue | Villager (Male) |
| 1:28 | Build | House |
| 2:07 | Queue | Villager (Male) |
| 2:22 | Queue | Villager (Male) |
| 2:31 | Queue | Villager (Male) |
| 3:10 | Build | House |
| 3:12 | Queue | Villager (Male) |
| 3:13 | Queue | Villager (Male) |
| 3:16 | Queue | Villager (Male) |
| 3:36 | Build | Mill |
| 3:48 | Queue | Villager (Male) |
| 4:02 | Queue | Villager (Male) |
| 4:27 | Build | Mining Camp |
| 4:29 | Queue | Villager (Male) |
| 5:45 | Research | Feudal Age |
| 6:32 | Build | House |
| 6:38 | Queue | Villager (Male) |
| 7:15 | Build | Farm |
| 7:18 | Build | Farm |
| 8:09 | Age | Feudal Age |
| 8:11 | Build | Market |
| 8:26 | Queue | Villager (Male) |
| 8:47 | Build | Blacksmith |
| 9:19 | Research | Castle Age |
| 9:32 | Build | Farm |
| 9:45 | Research | Double-Bit Axe |
| 10:25 | Research | Horse Collar |
| 10:26 | Research | Horse Collar |
| 10:35 | Build | Farm |
| 10:57 | Build | Farm |
| 11:44 | Queue | Villager (Male) |
| 11:59 | Age | Castle Age |
| 12:01 | Build | Town Center |
| 12:14 | Queue | Villager (Male) |
| 12:22 | Build | Town Center |
| 12:34 | Queue | Villager (Male) |
| 12:58 | Build | Farm |
| 12:59 | Build | Farm |
| 12:59 | Build | Farm |
| 13:05 | Build | House |
| 13:14 | Queue | Villager (Male) ×5 |
| 13:35 | Build | Monastery |
| 13:40 | Queue | Villager (Male) ×2 |
| 13:40 | Queue | Villager (Male) ×2 |
| 14:04 | Queue | Villager (Male) |
| 14:08 | Build | Farm |
| 14:08 | Build | Farm |
| 14:08 | Build | Farm |
| 14:08 | Build | Farm |
| 14:09 | Build | Farm |
| 14:18 | Queue | Villager (Male) |
| 14:20 | Research | Loom |
| 14:27 | Build | House |
| 14:29 | Queue | Monk |
| 14:32 | Queue | Monk |
| 14:46 | Queue | Villager (Male) |
| 14:54 | Build | Farm |
| 14:54 | Build | Farm |
| 14:54 | Build | Farm |
| 14:54 | Build | Farm |
| 14:55 | Build | Farm |
| 15:04 | Queue | Villager (Male) ×2 |
| 15:04 | Queue | Villager (Male) ×2 |
| 15:06 | Build | House |
| 15:19 | Queue | Villager (Male) |
| 15:19 | Queue | Villager (Male) |
| 15:34 | Queue | Villager (Male) |
| 15:40 | Build | House |
| 15:44 | Queue | Villager (Male) |
| 15:44 | Queue | Villager (Male) |
| 15:47 | Build | Farm |
| 15:47 | Build | Farm |
| 15:47 | Build | Farm |
| 15:47 | Build | Farm |
| 15:48 | Build | Farm |
| 15:58 | Queue | Villager (Male) |
| 16:02 | Queue | Villager (Male) ×3 |
| 16:03 | Queue | Villager (Male) ×3 |
| 16:08 | Build | House |
| 16:24 | Research | Fervor |
| 16:25 | Research | Fervor |
| 16:27 | Queue | Villager (Male) ×2 |
| 16:27 | Queue | Villager (Male) ×2 |
| 16:35 | Build | Farm |
| 16:36 | Build | Farm |
| 16:39 | Build | House |
| 16:42 | Queue | Villager (Male) |
| 16:42 | Queue | Villager (Male) |
| 16:48 | Queue | Villager (Male) |
| 16:48 | Queue | Villager (Male) |
| 16:49 | Queue | Villager (Male) |
| 17:10 | Build | Farm |
| 17:11 | Build | Farm |
| 17:11 | Build | Farm |
| 17:11 | Build | Farm |
| 17:14 | Queue | Villager (Male) ×3 |
| 17:14 | Queue | Villager (Male) ×3 |
| 17:19 | Build | House |
| 17:20 | Queue | Villager (Male) |
| 17:29 | Build | Lumber Camp |
| 17:32 | Queue | Villager (Male) |
| 17:32 | Queue | Villager (Male) |
| 17:45 | Queue | Villager (Male) ×2 |
| 17:45 | Queue | Villager (Male) ×2 |
| 17:48 | Build | Farm |
| 17:55 | Build | Farm |
| 17:55 | Build | Farm |
| 17:56 | Build | Farm |
| 17:59 | Queue | Villager (Male) ×2 |
| 17:59 | Queue | Villager (Male) ×2 |
| 18:03 | Build | House |
| 18:23 | Queue | Villager (Male) ×3 |
| 18:23 | Queue | Villager (Male) |
| 18:30 | Queue | Villager (Male) |
| 18:42 | Build | University |
| 18:45 | Build | Farm |
| 18:48 | Research | Wheelbarrow |
| 18:59 | Queue | Villager (Male) |
| 19:07 | Build | Mill |
| 19:08 | Build | Farm |
| 19:08 | Build | Farm |
| 19:09 | Build | Farm |
| 19:09 | Build | Farm |
| 19:10 | Queue | Villager (Male) |
| 19:14 | Queue | Villager (Male) |
| 19:26 | Queue | Villager (Male) ×3 |
| 19:27 | Queue | Villager (Male) ×4 |
| 19:41 | Queue | Villager (Male) ×2 |
| 19:41 | Queue | Villager (Male) |
| 19:59 | Build | Town Center |
| 20:02 | Queue | Villager (Male) ×4 |
| 20:02 | Queue | Villager (Male) ×4 |
| 20:05 | Build | House |
| 20:17 | Queue | Villager (Male) ×2 |
| 20:17 | Queue | Villager (Male) |
| 20:39 | Build | Barracks |
| 20:41 | Queue | Villager (Male) ×5 |
| 20:53 | Build | House |
| 21:07 | Build | Farm |
| 21:07 | Build | Farm |
| 21:08 | Build | Farm |
| 21:08 | Build | Farm |
| 21:08 | Build | Farm |
| 21:08 | Build | Farm |
Build order — Pobra
First 150 of 354 actions detected
| 0:02 | Queue | Villager (Male) |
| 0:02 | Queue | Villager (Male) |
| 0:03 | Queue | Villager (Male) |
| 0:27 | Build | Lumber Camp |
| 0:49 | Queue | Villager (Male) |
| 0:49 | Queue | Villager (Male) |
| 1:22 | Build | House |
| 1:54 | Queue | Villager (Male) |
| 2:27 | Queue | Villager (Male) |
| 2:27 | Queue | Villager (Male) |
| 2:29 | Queue | Villager (Male) |
| 2:30 | Queue | Villager (Male) |
| 2:40 | Build | Mill |
| 3:50 | Build | House |
| 3:54 | Queue | Villager (Male) |
| 4:08 | Queue | Villager (Male) |
| 4:32 | Queue | Villager (Male) |
| 4:32 | Queue | Villager (Male) |
| 5:16 | Queue | Villager (Male) |
| 5:40 | Build | House |
| 5:47 | Queue | Villager (Male) |
| 6:11 | Build | Mining Camp |
| 6:23 | Research | Feudal Age |
| 7:24 | Queue | Villager (Male) |
| 7:25 | Queue | Villager (Male) |
| 8:26 | Queue | Villager (Male) |
| 8:34 | Age | Feudal Age |
| 8:38 | Research | Double-Bit Axe |
| 9:10 | Build | Blacksmith |
| 9:11 | Build | Market |
| 9:44 | Queue | Villager (Male) |
| 9:51 | Build | Farm |
| 9:51 | Build | Farm |
| 9:51 | Build | Farm |
| 9:52 | Build | Farm |
| 9:52 | Build | Farm |
| 10:26 | Queue | Villager (Male) |
| 10:26 | Queue | Villager (Male) |
| 11:01 | Research | Castle Age |
| 11:01 | Research | Castle Age |
| 11:09 | Research | Horse Collar |
| 11:33 | Build | Farm |
| 11:34 | Build | Farm |
| 11:34 | Build | Farm |
| 11:34 | Build | Farm |
| 11:35 | Build | Farm |
| 11:44 | Build | Farm |
| 11:44 | Build | Farm |
| 11:44 | Build | Farm |
| 11:51 | Build | Farm |
| 11:58 | Queue | Villager (Male) |
| 12:00 | Build | House |
| 13:32 | Queue | Villager (Male) |
| 13:56 | Age | Castle Age |
| 13:58 | Build | Town Center |
| 14:03 | Build | Town Center |
| 14:12 | Research | Bow Saw |
| 14:13 | Research | Wheelbarrow |
| 14:13 | Research | Wheelbarrow |
| 14:24 | Research | Heavy Plow |
| 14:24 | Research | Heavy Plow |
| 14:26 | Queue | Villager (Male) |
| 14:41 | Queue | Villager (Male) |
| 15:20 | Queue | Villager (Male) |
| 15:21 | Queue | Villager (Male) |
| 15:37 | Queue | Villager (Male) |
| 15:40 | Queue | Villager (Male) |
| 16:05 | Queue | Villager (Male) |
| 16:05 | Queue | Villager (Male) |
| 16:05 | Queue | Villager (Male) |
| 16:16 | Build | Farm |
| 16:16 | Build | Farm |
| 16:16 | Build | Farm |
| 16:17 | Build | Farm |
| 16:17 | Build | Farm |
| 16:19 | Build | Farm |
| 16:22 | Queue | Villager (Male) |
| 16:37 | Queue | Villager (Male) |
| 16:37 | Queue | Villager (Male) |
| 16:37 | Queue | Villager (Male) |
| 16:46 | Build | Farm |
| 16:46 | Build | Farm |
| 16:46 | Build | Farm |
| 16:46 | Build | Farm |
| 16:47 | Build | Farm |
| 16:47 | Build | Farm |
| 16:47 | Build | Farm |
| 16:58 | Build | House |
| 17:01 | Build | House |
| 17:08 | Queue | Villager (Male) |
| 17:08 | Queue | Villager (Male) |
| 17:08 | Queue | Villager (Male) |
| 17:13 | Queue | Villager (Male) |
| 17:13 | Queue | Villager (Male) |
| 17:21 | Build | House |
| 17:22 | Build | House |
| 17:23 | Build | House |
| 17:40 | Build | Farm |
| 17:40 | Build | Farm |
| 17:40 | Build | Farm |
| 17:40 | Build | Farm |
| 17:41 | Build | Farm |
| 17:47 | Queue | Villager (Male) |
| 17:47 | Queue | Villager (Male) |
| 17:47 | Queue | Villager (Male) |
| 17:48 | Queue | Villager (Male) |
| 17:51 | Queue | Villager (Male) |
| 18:01 | Build | Farm |
| 18:01 | Build | Farm |
| 18:05 | Build | Farm |
| 18:16 | Queue | Villager (Male) |
| 18:17 | Queue | Villager (Male) |
| 18:19 | Queue | Villager (Male) |
| 18:29 | Queue | Villager (Male) |
| 18:38 | Research | Gold Mining |
| 18:38 | Research | Stone Mining |
| 18:46 | Research | Stone Mining |
| 18:48 | Queue | Villager (Male) |
| 18:49 | Queue | Villager (Male) |
| 18:52 | Build | House |
| 18:54 | Build | House |
| 18:58 | Build | House |
| 19:01 | Queue | Villager (Male) |
| 19:01 | Queue | Villager (Male) |
| 19:08 | Build | Farm |
| 19:11 | Build | Farm |
| 19:12 | Build | Farm |
| 19:20 | Queue | Villager (Male) |
| 19:20 | Queue | Villager (Male) |
| 19:20 | Queue | Villager (Male) |
| 19:35 | Queue | Villager (Male) |
| 19:35 | Queue | Villager (Male) |
| 19:53 | Build | Mill |
| 19:54 | Build | Farm |
| 19:54 | Build | Farm |
| 19:54 | Build | Farm |
| 19:54 | Build | Farm |
| 19:55 | Build | Farm |
| 20:05 | Queue | Villager (Male) |
| 20:05 | Queue | Villager (Male) |
| 20:07 | Queue | Villager (Male) |
| 20:27 | Research | Hand Cart |
| 20:27 | Research | Hand Cart |
| 20:36 | Queue | Villager (Male) |
| 20:37 | Queue | Villager (Male) |
| 20:51 | Build | Lumber Camp |
| 21:02 | Queue | Villager (Male) |
| 21:03 | Queue | Villager (Male) |
| 21:04 | Queue | Villager (Male) |
| 21:23 | Queue | Villager (Male) |
Build order — Dragon-Malo
First 150 of 558 actions detected
| 0:01 | Queue | Villager (Male) |
| 0:05 | Build | House |
| 0:06 | Build | House |
| 0:08 | Queue | Villager (Male) |
| 0:28 | Build | Lumber Camp |
| 0:38 | Queue | Villager (Male) |
| 0:38 | Queue | Villager (Male) |
| 0:38 | Queue | Villager (Male) |
| 0:38 | Queue | Villager (Male) |
| 1:28 | Queue | Villager (Male) |
| 1:28 | Queue | Villager (Male) |
| 1:28 | Queue | Villager (Male) |
| 1:28 | Queue | Villager (Male) |
| 1:59 | Queue | Villager (Male) |
| 1:59 | Queue | Villager (Male) |
| 2:00 | Queue | Villager (Male) |
| 2:09 | Build | Mill |
| 2:27 | Queue | Villager (Male) |
| 2:28 | Queue | Villager (Male) |
| 2:28 | Queue | Villager (Male) |
| 3:00 | Queue | Villager (Male) |
| 3:46 | Queue | Villager (Male) |
| 4:17 | Queue | Villager (Male) |
| 4:27 | Queue | Villager (Male) |
| 4:50 | Queue | Villager (Male) |
| 4:56 | Queue | Villager (Male) |
| 4:59 | Research | Loom |
| 4:59 | Research | Loom |
| 5:24 | Build | Mining Camp |
| 6:09 | Build | Farm |
| 6:15 | Build | Farm |
| 6:19 | Research | Feudal Age |
| 6:19 | Research | Feudal Age |
| 7:50 | Build | House |
| 7:55 | Build | House |
| 8:26 | Age | Feudal Age |
| 8:28 | Research | Wheelbarrow |
| 8:29 | Research | Wheelbarrow |
| 8:36 | Build | Market |
| 8:48 | Build | Blacksmith |
| 9:11 | Research | Double-Bit Axe |
| 9:11 | Research | Double-Bit Axe |
| 9:13 | Research | Horse Collar |
| 9:13 | Research | Horse Collar |
| 9:13 | Research | Horse Collar |
| 9:54 | Research | Castle Age |
| 9:54 | Research | Castle Age |
| 9:54 | Research | Castle Age |
| 9:55 | Research | Castle Age |
| 12:19 | Age | Castle Age |
| 12:22 | Build | Monastery |
| 12:31 | Build | Town Center |
| 12:36 | Build | Town Center |
| 12:41 | Queue | Villager (Male) |
| 12:50 | Build | House |
| 12:59 | Queue | Monk |
| 13:04 | Build | Farm |
| 13:07 | Queue | Villager (Male) |
| 13:16 | Queue | Villager (Male) |
| 13:18 | Build | Farm |
| 13:23 | Build | Farm |
| 13:25 | Build | Farm |
| 13:29 | Build | Farm |
| 13:32 | Build | Farm |
| 13:33 | Build | Farm |
| 13:35 | Queue | Villager (Male) |
| 13:37 | Queue | Villager (Male) |
| 13:37 | Queue | Villager (Male) |
| 13:41 | Build | House |
| 13:44 | Queue | Monk |
| 14:03 | Build | House |
| 14:17 | Build | Farm |
| 14:20 | Queue | Villager (Male) |
| 14:22 | Build | Farm |
| 14:26 | Build | Farm |
| 14:30 | Queue | Villager (Male) |
| 14:40 | Build | House |
| 15:02 | Queue | Villager (Male) |
| 15:03 | Queue | Villager (Male) |
| 15:10 | Build | Farm |
| 15:10 | Build | Farm |
| 15:10 | Build | Farm |
| 15:13 | Queue | Villager (Male) |
| 15:21 | Build | Lumber Camp |
| 15:26 | Build | House |
| 15:35 | Build | Farm |
| 15:35 | Queue | Villager (Male) |
| 15:38 | Queue | Villager (Male) |
| 15:42 | Queue | Villager (Male) |
| 16:11 | Build | Farm |
| 16:16 | Queue | Villager (Male) |
| 16:17 | Queue | Villager (Male) |
| 16:19 | Queue | Villager (Male) |
| 16:22 | Build | House |
| 16:33 | Queue | Villager (Male) |
| 16:34 | Queue | Villager (Male) |
| 16:49 | Queue | Villager (Male) |
| 16:53 | Build | Farm |
| 17:02 | Build | Town Center |
| 17:09 | Build | Town Center |
| 17:12 | Queue | Villager (Male) |
| 17:12 | Queue | Villager (Male) |
| 17:13 | Queue | Villager (Male) |
| 17:13 | Queue | Villager (Male) |
| 17:18 | Build | Farm |
| 17:24 | Build | House |
| 17:26 | Build | Barracks |
| 17:30 | Build | Farm |
| 17:32 | Queue | Villager (Male) |
| 17:35 | Queue | Villager (Male) |
| 17:39 | Queue | Villager (Male) |
| 17:39 | Queue | Villager (Male) |
| 17:46 | Queue | Villager (Male) |
| 17:46 | Queue | Villager (Male) |
| 17:51 | Build | Farm |
| 18:03 | Queue | Villager (Male) |
| 18:03 | Queue | Villager (Male) |
| 18:06 | Queue | Villager (Male) |
| 18:11 | Build | Farm |
| 18:11 | Build | Farm |
| 18:11 | Build | Farm |
| 18:11 | Build | Farm |
| 18:12 | Build | Farm |
| 18:12 | Build | Farm |
| 18:20 | Build | Farm |
| 18:27 | Build | Farm |
| 18:40 | Build | Farm |
| 18:41 | Queue | Villager (Male) |
| 18:42 | Queue | Villager (Male) |
| 18:42 | Queue | Villager (Male) |
| 18:43 | Queue | Villager (Male) |
| 18:43 | Queue | Villager (Male) |
| 18:49 | Build | Farm |
| 18:56 | Queue | Villager (Male) |
| 18:57 | Queue | Villager (Male) |
| 19:00 | Queue | Villager (Male) |
| 19:09 | Queue | Villager (Male) |
| 19:18 | Build | House |
| 19:21 | Build | House |
| 19:21 | Build | House |
| 19:22 | Build | House |
| 19:24 | Build | House |
| 19:27 | Queue | Villager (Male) |
| 19:28 | Queue | Villager (Male) |
| 19:29 | Queue | Villager (Male) |
| 19:29 | Queue | Villager (Male) |
| 19:37 | Research | Bow Saw |
| 19:37 | Research | Bow Saw |
| 19:51 | Research | Heavy Plow |
| 19:51 | Research | Heavy Plow |
Match timeline
| 7:39 | stop stealing my chancho pls · age_up feudal |
| 8:09 | Ketzal_ · age_up feudal |
| 8:26 | Dragon-Malo · age_up feudal |
| 8:27 | Skirm2OP · age_up feudal |
| 8:27 | Beller · age_up feudal |
| 8:34 | Pobra · age_up feudal |
| 9:10 | Degel · age_up feudal |
| 10:11 | SCURR.Welt-PAD-THAI-SITTICH · age_up feudal |
| 11:57 | Skirm2OP · age_up castle |
| 11:59 | Ketzal_ · age_up castle |
| 12:01 | Beller · age_up castle |
| 12:06 | Beller · first_building Monastery |
| 12:11 | Skirm2OP · first_market_buy 100 wood |
| 12:19 | Dragon-Malo · age_up castle |
| 12:22 | Dragon-Malo · first_building Monastery |
| 12:23 | SCURR.Welt-PAD-THAI-SITTICH · first_market_sell 100 stone |
| 12:40 | Degel · age_up castle |
| 13:00 | Degel · first_market_buy 100 stone |
| 13:00 | stop stealing my chancho pls · first_building Barracks |
| 13:02 | stop stealing my chancho pls · age_up castle |
| 13:10 | Ketzal_ · first_market_buy 100 food |
| 13:35 | Ketzal_ · first_building Monastery |
| 13:44 | SCURR.Welt-PAD-THAI-SITTICH · age_up castle |
| 13:46 | SCURR.Welt-PAD-THAI-SITTICH · first_building Siege Workshop |
| 13:51 | SCURR.Welt-PAD-THAI-SITTICH · first_building Monastery |
| 13:56 | Pobra · age_up castle |
| 14:32 | SCURR.Welt-PAD-THAI-SITTICH · first_market_buy 100 food |
| 15:08 | SCURR.Welt-PAD-THAI-SITTICH · first_building Barracks |
| 16:43 | SCURR.Welt-PAD-THAI-SITTICH · first_building Archery Range |
| 16:55 | Dragon-Malo · first_market_buy 100 stone |
| 17:02 | stop stealing my chancho pls · first_building Stable |
| 17:26 | Dragon-Malo · first_building Barracks |
| 18:09 | SCURR.Welt-PAD-THAI-SITTICH · age_up imperial |
| 18:20 | Degel · wall_segment Stone Wall x13 |
| 18:28 | Degel · wall_segment Stone Wall x2 |
| 18:50 | Degel · wall_segment Stone Wall x10 |
| 18:58 | Degel · wall_segment Stone Wall x2 |
| 19:06 | Skirm2OP · first_building Monastery |
| 19:15 | Degel · wall_segment Stone Wall x9 |
| 19:42 | Degel · first_building Barracks |
| 19:54 | Degel · wall_segment Stone Wall x11 |
| 20:24 | Degel · first_building Archery Range |
| 20:27 | Skirm2OP · first_building Barracks |
| 20:39 | Ketzal_ · first_building Barracks |
| 20:45 | Degel · wall_segment Stone Wall x24 |
| 21:23 | Skirm2OP · first_building Stable |
| 21:32 | Ketzal_ · first_building Archery Range |
| 21:54 | Dragon-Malo · first_building Stable |
| 22:17 | Beller · first_building Barracks |
| 22:29 | Ketzal_ · first_building Stable |
| 22:39 | Degel · first_market_sell 100 wood |
| 23:18 | Skirm2OP · first_building Castle |
| 23:24 | Pobra · first_market_sell 100 food |
| 23:27 | Beller · first_building Stable |
| 23:31 | Beller · first_building Castle |
| 23:36 | Ketzal_ · first_building Castle |
| 23:46 | Degel · wall_segment Stone Wall x1 |
| 24:08 | Pobra · first_building Castle |
| 24:37 | Pobra · first_building Barracks |
| 24:50 | Skirm2OP · age_up imperial |
| 24:54 | Beller · age_up imperial |
| 25:21 | Dragon-Malo · first_building Siege Workshop |
| 25:30 | Pobra · first_building Archery Range |
| 25:31 | Ketzal_ · age_up imperial |
| 26:22 | Degel · first_building Castle |
| 26:35 | Dragon-Malo · first_building Castle |
| 26:54 | Degel · wall_segment Stone Wall x4 |
| 27:00 | Dragon-Malo · first_building Archery Range |
| 27:13 | stop stealing my chancho pls · first_building Siege Workshop |
| 28:06 | Ketzal_ · first_market_sell 500 wood |
| 28:26 | Degel · wall_segment Stone Wall x1 |
| 28:26 | Pobra · age_up imperial |
| 28:27 | Degel · wall_segment Stone Wall x2 |
| 28:31 | Skirm2OP · first_market_sell 100 wood |
| 29:00 | Degel · wall_segment Stone Wall x1 |
| 29:57 | Dragon-Malo · age_up imperial |
| 30:21 | Degel · wall_segment Stone Wall x1 |
| 30:39 | Degel · wall_segment Stone Wall x18 |
| 30:55 | Degel · wall_segment Stone Wall x9 |
| 31:07 | stop stealing my chancho pls · age_up imperial |
| 31:13 | Degel · wall_segment Stone Wall x1 |
| 31:23 | Ketzal_ · resign |
| 31:51 | Degel · wall_segment Stone Wall x1 |
| 32:15 | stop stealing my chancho pls · first_building Castle |
| 32:38 | Degel · wall_segment Stone Wall x1 |
| 33:29 | Degel · wall_segment Stone Wall x1 |
| 34:30 | Degel · wall_segment Stone Wall x1 |
| 35:46 | Dragon-Malo · wall_segment Stone Wall x1 |
| 35:46 | Dragon-Malo · wall_segment Stone Wall x1 |
| 35:47 | Dragon-Malo · wall_segment Stone Wall x1 |
[ AI ANALYSIS · 1 CREDIT ]
What really happened in this match?
Wolo.gg analyzes every decision: build order, eco, micro, common mistakes by bracket. Personalized analysis on WhatsApp or Discord in 30 seconds.
Civ guide
Turks
Perfil
Jugador #4002331